 Dungeon Crawl Stone Soup version 0.31.0-32-g396128a36d (webtiles) character file.

Game seed: 5139691477978206521

729 Doomgape the Covered (level 7, -9/60 HPs)
             Began as an Armataur Fighter on Mar 10, 2024.
             Was an Initiate of Gozag.
             Mangled by Menkaure (19 damage)
             ... on level 6 of the Dungeon.
             The game lasted 00:09:02 (4292 turns).

Doomgape the Covered (Armataur Fighter)             Turns: 4292, Time: 00:09:03

Health: -9/60      AC:  9    Str: 24    XL:     7   Next: 44%
Magic:  7/7        EV:  5    Int:  8    God:    Gozag
Gold:   351        SH:  8    Dex:  9    Spells: 6/6 levels left

rFire   . . .        a - +0 flail
rCold   . . .        o - +0 kite shield
rNeg    . . .        m - +0 chain mail
rPois   .            (no helmet)
rElec   .            (no cloak)
rCorr   .            (no gloves)
SInv    .            (no barding)
Will    .....        (no amulet) Stlth
                     (no ring)
HPRegen 3.55/turn    (no ring)
MPRegen 1.75/turn

%: roll
@: gold aura
A: large, deformed body, tough skin 3, armoured tail, roll 2, persistent drain
a: Renounce Religion, Potion Petition, Call Merchant, Bribe Branch


You were on level 6 of the Dungeon.
You worshipped Gozag.
Gozag was aware of your devotion.
You visited 2 branches of the dungeon, and saw 7 of its levels.

You collected 479 gold pieces.
You spent 63 gold pieces at shops.
You paid 65 gold pieces to Gozag.

Inventory:

Hand Weapons
 a - a +0 flail (weapon)
Armour
 m - a +0 chain mail (worn)
 o - a +0 kite shield (worn)
Jewellery
 k - an amulet of magic regeneration
Wands
 c - a wand of roots (2)
Scrolls
 g - 2 scrolls of immolation
 h - 3 scrolls of torment {unknown}
 i - 2 scrolls of revelation {unknown}
 j - 4 scrolls of identify
 l - a scroll of poison {unknown}
Potions
 b - a potion of brilliance {unknown}


   Skills:
 + Level 4.5 Fighting
 + Level 4.1 Maces & Flails
 + Level 6.1 Armour
 + Level 5.6 Shields


You had 6 spell levels left.
You didn't know any spells.
Your spell library contained the following spells:

 Spells                   Type           Power      Damage    Failure   Level
 Gell's Gravitas          Tloc           0%         N/A       100%        3
 Teleport Other           Tloc           0%         N/A       100%        3
 Dispersal                Tloc           0%         N/A       100%        6


Dungeon Overview and Level Annotations

Branches:
Dungeon (6/15)             Temple (1/1) D:4

Altars:
Gozag
Makhleb
Nemelex Xobeh
Uskayaw
Vehumet
Wu Jian
Zin

Shops:
D:2 [   D:3 **   D:4 [

Annotations:
D:5 3 runed translucent doors, Pikel; riffraff's ghost, novice MiBe
D:6 Menkaure


Innate Abilities, Weirdness & Mutations

Armour fits poorly on your strangely shaped body.
You have extremely tough skin. (AC +3)
You have a long armoured tail.
You regenerate magic and health when rolling toward enemies. (Rampage Regen)
Your health recovers twice as slowly from being drained.


Message History

The orc priest is lightly wounded.
The orc priest invokes the aid of Beogh against you.
Beogh smites you!
Unknown command.
You closely miss the orc priest.
Your tail-slap misses the orc priest.
The orc priest is lightly wounded.
You block Menkaure's attack. The orc priest closely misses you.
Menkaure points at you and mumbles some strange words.
Pain shoots through your body!
Unknown command.
You hit the orc priest.
The orc priest is heavily wounded.
The orc priest looks braver for a moment.
The jelly jiggles.
Menkaure barely misses you.
The orc priest hits you but does no damage.
Menkaure hits you!
You barely miss the orc priest.
Your tail-slap misses the orc priest.
The orc priest is heavily wounded.
Menkaure hits you!! The orc priest closely misses you.
Unknown command.
You hit the orc priest.
The orc priest is almost dead.
Menkaure casts a spell at you. Pain shoots through your body!
* * * LOW HITPOINT WARNING * * *
The orc priest hits you but does no damage.
You block Menkaure's attack.
You barely miss the orc priest.
The orc priest is almost dead.
The orc priest casts a cantrip, but nothing happens.
You block Menkaure's attack. You block the orc priest's attack.
Menkaure hits you!
* * * LOW HITPOINT WARNING * * *
Unknown command.
You hit the orc priest.
You kill the orc priest!
Menkaure hits you!!
You die...
Your body crumbles into a pile of gold.

#.. ... #$# #$# #.#
###### #o# #....#
#J# #....# #$#
#....# #@# #....#
#M# ....# #$#
#..######
####$######........
#..$$$.............
#.............#....
#.............# ...
###.##'####...# .
.###.##.####...###


You could see Menkaure (fast), a jelly and an orc.

Vanquished Creatures
  An ice beast (D:4)
  A lemure (D:5)
  A kobold brigand (D:6)
  A bullfrog (D:6)
  A scorpion (D:4)
  3 jellies
  A hound (D:5)
  2 orc priests (D:6)
  3 iguanas
  6 adders
  4 gnolls (D:6)
  A shadow imp (D:5)
  2 ufetubi (D:3)
  5 dart slugs
  2 ribbon worms (D:2)
  10 orcs
  3 endoplasms
  8 giant cockroaches
  6 hobgoblins
  5 jackals
  4 quokkas
  7 ball pythons
  3 bats
  2 frilled lizards (D:1)
  7 goblins
  13 kobolds
  6 rats
108 creatures vanquished.

Notes
Turn   | Place    | Note
-------+----------+-------------------------------------------
     0 | D:1      | Doomgape the Armataur Fighter began the quest for the Orb.
     0 | D:1      | Reached XP level 1. HP: 18/18 MP: 1/1
   219 | D:1      | Reached XP level 2. HP: 25/25 MP: 2/2
   512 | D:1      | Reached skill level 4 in Armour
   679 | D:1      | Reached XP level 3. HP: 31/31 MP: 3/3
  1354 | D:2      | Found Ibowuck's Armour Emporium.
  1950 | D:3      | Reached XP level 4. HP: 31/38 MP: 4/4
  2065 | D:3      | Found a hide-covered altar of Uskayaw.
  2296 | D:3      | Found Hisoet's Assorted Antiques.
  2315 | D:3      | Found Gozag's Platinum Reserve.
  2317 | D:3      | Found an opulent altar of Gozag.
  2353 | D:3      | Became a worshipper of Gozag Ym Sagoz the Greedy
  2614 | D:4      | Found Hucuebuw's Armour Boutique.
  2617 | D:4      | Bought a +0 kite shield for 63 gold pieces
  2652 | D:4      | Found a staircase to the Ecumenical Temple.
  2653 | D:4      | Noticed an ice beast
  2664 | D:4      | Killed an ice beast
  2665 | D:4      | Reached XP level 5. HP: 45/45 MP: 5/5
  2689 | D:4      | Found a radiant altar of Vehumet.
  2736 | D:4      | Gained mutation: Your health recovers twice as slowly from
                  | being drained. [potion of mutation]
  2744 | D:4      | HP: 2/45 [adder (2)]
  2782 | Temple   | Entered the Ecumenical Temple
  2932 | D:4      | Reached skill level 5 in Armour
  2955 | D:4      | Reached XP level 6. HP: 33/52 MP: 6/6
  3145 | D:4      | Found an ornate altar of the Wu Jian Council.
  3150 | D:4      | Noticed a spectral centipede
  3150 | D:4      | Noticed a spectral black mamba
  3150 | D:4      | Noticed a spectral cane toad
  3593 | D:4      | Reached skill level 5 in Shields
  3734 | D:5      | Entered Level 5 of the Dungeon
  3864 | D:5      | Found a runed translucent gate.
  3866 | D:5      | Found a runed translucent gate.
  3867 | D:5      | Found a runed translucent gate.
  3930 | D:5      | Found a burning altar of Makhleb.
  3935 | D:5      | Found an opulent altar of Gozag.
  3939 | D:5      | Noticed riffraff's ghost (novice MiBe)
  3939 | D:5      | Noticed a water moccasin
  4055 | D:5      | Noticed a water moccasin
  4055 | D:5      | Noticed a water moccasin
  4059 | D:5      | Noticed Pikel
  4078 | D:6      | Noticed an angel
  4078 | D:6      | Found a glowing silver altar of Zin.
  4093 | D:6      | Gained mutation: You regenerate magic and health when
                  | rolling toward enemies. (Rampage Regen) [Armataur growth]
  4093 | D:6      | Reached XP level 7. HP: 20/59 MP: 7/7
  4266 | D:6      | Reached skill level 6 in Armour
  4273 | D:6      | Noticed Menkaure
  4292 | D:6      | Mangled by Menkaure

Illustrated notes

Levels and vault maps discovered:
D:1:      roderic_octagonal_star, layout_basic, chequers_big_river
D:2:      layout_basic, serial_shops, shop
D:3:      layout_loops_ring, nicolae_gozag_zags_fifth_avenue,
          nicolae_overflow_crystal_walls, serial_shops, shop_statue
D:4:      layout_cave_pods, pdpol_wu_jian_five_deadly_venoms,
          lemuel_round_altar, minmay_temple_entry_glass, serial_shops,
          nicolae_stop_n_shop_1
D:5:      cheibrodos_helix_gallery, layout_loops_ring,
          mainiacjoe_overflow_catwalk, general_overflow_altar,
          nicolae_overflow_two_pavilions, mainiacjoe_overflow_alcove_4,
          serial_glass, glass_columns_a, glass_columns_c, glass_columns_c,
          glass_columns_a, glass_columns_a, glass_columns_c,
          ebering_ghost_gozag, uniq_pikel
D:6:      minmay_thinvault, layout_gridville,
          grunt_temple_overflow_order_and_chaos_1, lemuel_doored_altar,
          dk_rats_in_the_wall, uniq_edmund, uniq_menkaure
Temple:   ebering_the_one_and_only

Skill      XL: |  1  2  3  4  5  6  7 |
---------------+----------------------+-----
Maces & Flails | 2 3 4 |  4.1
Armour         | 4 5 6 |  6.1
Fighting       | 3 4 |  4.5
Shields        | 4 5 |  5.6

Action                     |  1- 3 |  4- 6 |  7- 9 || total
---------------------------+-------+-------+-------++-------
  Melee: Flail             |   137 |   144 |    46 ||   327
         Tailslap          |    13 |    16 |     2 ||    31
  Evoke: Wand              |       |       |     7 ||     7
    Use: Scroll            |     2 |     3 |       ||     5
         Potion            |       |     5 |       ||     5
 Armour: Scale mail        |   108 |    19 |       ||   127
         Chain mail        |       |   112 |    50 ||   162
  Dodge: Dodged            |    47 |    44 |    12 ||   103
  Block: Buckler           |    26 |     8 |       ||    34
         Kite shield       |       |    75 |    31 ||   106
